 Dungeon Sprint DCSS version 0.30-a0-715-gdb4ae3ece1 (webtiles) character file.

Game seed: 7432011195258759826

539 rocky1 the Earth Mage (level 11, 0/63 (67) HPs)
             Began as an Octopode Earth Elementalist on Jan 24, 2023.
             Was a High Priest of Sif Muna.
             Killed from afar by an eidolon (40 damage)
             ... with a bolt of negative energy
             ... in the Dungeon (Sprint VI: "Thunderdome").
             The game lasted 00:10:30 (741 turns).

rocky1 the Earth Mage (Octopode Earth Elementalist)  Turns: 741, Time: 00:10:31

HP:   0/63 (67)     AC:  5    Str:  5    XL:     11   Next: 56%
MP:   14/30         EV: 21    Int: 16    God:    Sif Muna [*****.]
Gold: 265           SH:  0    Dex: 18    Spells: 27/40 levels left

rFire   . . .      SeeInvis .    (no weapon)
rCold   + . .      Faith    .    (no shield)
rNeg    . . .      Spirit   .    (helmet restricted)
rPois   .          Reflect  .    b - amulet of Xoezerol {RegenMP rC+ Int-5 Stlth+}
rElec   .          Harm     .    n - ring of Ceoqiren {rCorr EV+5}
rCorr   +          Rampage  .    m - ring "Kuisar" {AC+4 Dex+4}
Will    .....      NoTele   +    q - ring "Loen" {Wiz Slay+6}
Stlth   ++++++                   (no ring)
HPRegen 0.30/turn                (no ring)
MPRegen 0.62/turn                (no ring)
                                 (no ring)
                                 (no ring)

@: afraid, drained
A: almost no armour, amphibious, 8 rings, camouflage 1, gelatinous body 1,
(nimble swimmer 1), tentacles, weak 1
}: 1/15 runes: decaying
a: Renounce Religion, Channel Magic, Forget Spell, Divine Exegesis


You were in the Dungeon.
You worshipped Sif Muna.
Sif Muna was extremely pleased with you.
You visited 1 branch You collected 850 gold pieces.
You spent 585 gold pieces at shops.

Inventory:

Jewellery
 b - the amulet of Xoezerol (around mantle) {RegenMP rC+ Int-5 Stlth+}
   (You bought it in a shop in the Dungeon)

   [amulet of magic regeneration]

   It increases your rate of magic regeneration.
   Int:       It affects your intelligence (-5).
   rC:        It protects you from cold.
   Stlth:     It makes you more stealthy.
 k - the ring of Jowait {rN+ rCorr Str-4 Dex+5}
   (You bought it in a shop in the Dungeon)

   [ring of positive energy]

   Str:       It affects your strength (-4).
   Dex:       It affects your dexterity (+5).
   rN:        It protects you from negative energy.
   rCorr:     It protects you from acid and corrosion.
 l - the amulet "Jeipni" {Spirit rC- Dex+5}
   (You bought it in a shop in the Dungeon)

   [amulet of guardian spirit]

   It causes incoming damage to be divided between your reserves of health and
   magic.
   Dex:       It affects your dexterity (+5).
   rC:        It makes you vulnerable to cold.
 m - the ring "Kuisar" (right tentacle) {AC+4 Dex+4}
   (You bought it in a shop in the Dungeon)

   [ring of protection]

   AC:        It affects your AC (+4).
   Dex:       It affects your dexterity (+4).
 n - the ring of Ceoqiren (left tentacle) {rCorr EV+5}
   (You bought it in a shop in the Dungeon)

   [ring of evasion]

   EV:        It affects your evasion (+5).
   rCorr:     It protects you from acid and corrosion.
 o - the ring "Kononat" {rC- rCorr Dex+4 Slay+4}
   (You bought it in a shop in the Dungeon)

   [ring of slaying]

   Dex:       It affects your dexterity (+4).
   Slay:      It affects your accuracy & damage with ranged weapons and melee
   (+4).
   rC:        It makes you vulnerable to cold.
   rCorr:     It protects you from acid and corrosion.
 p - the ring "Gudacian" {rF- rC+ Str+2 Slay+2}
   (You bought it in a shop in the Dungeon)

   [ring of protection from cold]

   Str:       It affects your strength (+2).
   Slay:      It affects your accuracy & damage with ranged weapons and melee
   (+2).
   rF:        It makes you vulnerable to fire.
   rC:        It protects you from cold.
 q - the ring "Loen" (on tentacle) {Wiz Slay+6}
   (You bought it in a shop in the Dungeon)

   [ring of wizardry]

   It improves your spell success rate.
   Slay:      It affects your accuracy & damage with ranged weapons and melee
   (+6).
Wands
 h - a wand of light (5)
 i - a wand of iceblast (3)
Scrolls
 f - 3 scrolls of blinking
 j - 3 scrolls of fog
Potions
 c - a potion of heal wounds
 d - 4 potions of haste
 e - a potion of berserk rage
 g - a potion of resistance


   Skills:
 + Level 3.4 Fighting
 + Level 6.4 Dodging
 - Level 7.9 Stealth
 - Level 0.3 Unarmed Combat
 - Level 15.0 Spellcasting
 - Level 8.2 Conjurations
 - Level 2.7 Transmutations
 * Level 16.3 Earth Magic
 - Level 2.1 Invocations
 - Level 2.0 Evocations


You had 27 spell levels left.
You knew the following spells:

 Your Spells              Type           Power      Damage    Failure   Level
a - Sandblast             Erth           100%       2d20      0%          1
b - Stone Arrow           Conj/Erth      100%       3d13      1%          3
c - Fire Storm            Conj/Fire      12%        8d3       100%        9

Your spell library contained the following spells:

 Spells                   Type           Power      Damage    Failure   Level
 Sting                    Tmut/Pois      64%        1d6       1%          1
 Passwall                 Tmut/Erth      35%        N/A       1%          2
 Petrify                  Tmut/Erth      42%        N/A       1%          4
 Mephitic Cloud           Conj/Pois/Air  20%        N/A       2%          3
 Scorch                   Fire           24%        2d6       3%          2
 Ignite Poison            Fire/Tmut/Pois 14%        N/A       4%          3
 Flame Wave               Conj/Fire      25%        2d8       4%          4
 Kindle Blastsparks       Fire/Tloc/Air  24%        2d12      6%          3
 Summon Guardian Golem    Hex/Summ       12%        N/A       6%          3
 Statue Form              Tmut/Erth      28%        N/A       7%          6
 Airstrike                Air            6%         2d(1-17)  21%         4
 Summon Ice Beast         Ice/Summ       12%        N/A       21%         4
 Eringya's Noxious Bog    Tmut/Pois      8%         N/A       86%         6
 Spellforged Servitor     Conj/Summ      12%        N/A       96%         7
 Monstrous Menagerie      Summ           6%         N/A       100%        7
 Maxwell's Capacitive Co  Air            6%         ∞         100%        8


Dungeon Overview and Level Annotations

Branches:
Dungeon (1/1)

Altars:
Cheibriados
Dithmenos
Fedhas
Gozag
Kikubaaqudgha
Makhleb
Okawaru
Qazlal
Ru
Sif Muna
Trog
Uskayaw
Vehumet
Wu Jian
Xom
Yredelemnul
Zin
The Shining One
Lugonu

Shops:
D *[??*?*:[((!!!!


Innate Abilities, Weirdness & Mutations

You cannot wear most types of armour.
You are amphibious.
You can wear up to eight rings at the same time.
Your skin changes colour to match your surroundings (Stealth+).
Your rubbery body absorbs attacks. (AC +1, EV +1)
((You are camouflaged when in or above water. (Stealth+)))
You have tentacles for arms and can constrict up to eight enemies at once.
You are weak. (Str -2)


Message History

This spell is impossible to cast!
Memorise Fire Storm, consuming 9 spell levels and leaving 27?
You start memorising the spell.
You continue memorising. x9
You finish memorising.
Spell assigned to 'c'.
Okay, then.
Aiming: Stone Arrow (safe; 1% risk of failure)
Press: ? - help, Q - select action, (/) - cycle Shift-Dir - straight line, f - eidolon
Aim: an eidolon (wandering, hasn't noticed you, 78% to hit)
The stone arrow hits the eidolon!
The eidolon is lightly damaged.
The eidolon gives a chilling moan.
Aiming: Stone Arrow (safe; 1% risk of failure)
Press: ? - help, Q - select action, (/) - cycle Shift-Dir - straight line, f/p - eidolon
Aim: an eidolon (lightly damaged, 78% to hit)
The stone arrow misses the eidolon.
Aiming: Stone Arrow (safe; 1% risk of failure)
Press: ? - help, Q - select action, (/) - cycle Shift-Dir - straight line, f/p - eidolon
Aim: an eidolon (lightly damaged, 78% to hit)
The stone arrow hits the eidolon.
The eidolon is lightly damaged.
The wraith completely misses you.
The eidolon gestures.
The eidolon radiates an aura of fear!
You are terrified of the eidolon!
Blink to where?
Press: ? - help, Dir - move target, p - eidolon
As you read the scroll of blinking, it crumbles to dust.
Aiming: Stone Arrow (safe; 1% risk of failure)
Press: ? - help, Q - select action, (/) - cycle Shift-Dir - straight line, f - eidolon
Aim: an eidolon (lightly damaged, inspiring fear, 78% to hit)
The stone arrow misses the eidolon.
Aiming: Stone Arrow (safe; 1% risk of failure)
Press: ? - help, Q - select action, (/) - cycle Shift-Dir - straight line, f/p - eidolon
Aim: an eidolon (lightly damaged, inspiring fear, 78% to hit)
The stone arrow misses the eidolon. 50...
The eidolon stares piercingly at you. The bolt of negative energy hits you!!!
You feel drained.
Ouch! That really hurt!
You die...

##.___......###......___∩##
#∩........8.# #.8........∩###
..÷.........###.............##
.........###...###..........⌠#
.........# #.<.# #..........⌠#
.........###...###..........⌠#
............###.............##
#∩........8.# #.8........∩###
##∩___......###.@....._.∩##
######.8.........8.######
#§..)...W....⌠#
###......W..### #_..§.....#
#_......._# #_......._#
#∩.......∩# ##∩.....∩##


You could see an eidolon (scary) and a wraith.

Vanquished Creatures
  the Lernaean hydra (D)
  An eidolon (D)
  Nergalle (D)
  2 phantasmal warriors (D)
  2 rime drakes (D)
  A wraith (D)
  7 neqoxecs (D)
  A water moccasin (D)
  2 ice beasts (D)
  4 scorpions (D)
  2 shadow imps (D)
  2 white imps (D)
  2 ufetubi (D)
  2 adder simulacra (D)
30 creatures vanquished.

Notes
Turn   | Place    | Note
-------+----------+-------------------------------------------
     0 | D        | rocky1 the Octopode Earth Elementalist began the quest for
                  | the Orb.
     0 | D        | Reached XP level 1. HP: 11/11 MP: 3/3
     4 | D        | Found a corrupted altar of Lugonu.
     4 | D        | Found an opulent altar of Gozag.
     5 | D        | Found a basalt altar of Yredelemnul.
     5 | D        | Found a glowing golden altar of the Shining One.
     5 | D        | Round 1.
     6 | D        | Found a bloodstained altar of Trog.
     6 | D        | Found a shimmering altar of Xom.
     7 | D        | Found an ancient bone altar of Kikubaaqudgha.
     7 | D        | Found Suenafil's Premium Goods.
     7 | D        | Found Lotofaas's Weapon Rack.
     8 | D        | Found a sacrificial altar of Ru.
     9 | D        | Found Woniph's Identification Station.
     9 | D        | Found a glowing silver altar of Zin.
     9 | D        | Found a radiant altar of Vehumet.
     9 | D        | Found a hide-covered altar of Uskayaw.
    16 | D        | Found an iron altar of Okawaru.
    21 | D        | Reached skill level 4 in Earth Magic
    32 | D        | Found Bafebeim's Do-It-Yourself Clinic.
    40 | D        | Reached XP level 2. HP: 4/17 MP: 0/5
    48 | D        | Found Kiffup's Bottled Wisdom.
    48 | D        | Found Ysteseed's Distillery.
    54 | D        | Found an ornate altar of the Wu Jian Council.
    54 | D        | Found a shadowy altar of Dithmenos.
    54 | D        | Found Pusury's Distillery.
    64 | D        | Found a shimmering blue altar of Sif Muna.
    69 | D        | Found a burning altar of Makhleb.
    70 | D        | Found a blossoming altar of Fedhas.
    71 | D        | Found Teehitis's Staff Store.
    73 | D        | Found a stormy altar of Qazlal.
    73 | D        | Found a snail-covered altar of Cheibriados.
    73 | D        | Found Xijo's Magic Scroll Shop.
    75 | D        | Reached skill level 5 in Earth Magic
    75 | D        | Reached XP level 3. HP: 14/21 MP: 1/7
    75 | D        | Found Wyothres's Must-Have Magic.
    75 | D        | Found Zievvof's Magic Scroll Shop.
    85 | D        | Arena points: 14 (+14) [x2]
    86 | D        | Found Sorhoch's Jewellery.
    86 | D        | Found Seargh's Advanced Armour.
   102 | D        | Became a worshipper of Sif Muna the Loreminder
   135 | D        | Round 2.
   141 | D        | Learned a level 3 spell: Stone Arrow
   142 | D        | Noticed a scorpion
   143 | D        | Noticed a scorpion
   144 | D        | Noticed a scorpion
   145 | D        | Killed a scorpion
   146 | D        | Reached skill level 7 in Earth Magic
   146 | D        | Reached XP level 4. HP: 27/27 MP: 5/10
   147 | D        | Noticed a scorpion
   149 | D        | Killed a scorpion
   150 | D        | Reached skill level 5 in Spellcasting
   150 | D        | Reached skill level 8 in Earth Magic
   150 | D        | Reached XP level 5. HP: 31/31 MP: 2/12
   152 | D        | Reached * piety under Sif Muna
   153 | D        | Reached skill level 5 in Stealth
   153 | D        | Reached skill level 9 in Earth Magic
   159 | D        | Reached XP level 6. HP: 12/36 MP: 9/15
   162 | D        | Noticed a water moccasin
   166 | D        | Killed a water moccasin
   166 | D        | Arena points: 50 (+36) [x3]
   167 | D        | Reached skill level 10 in Earth Magic
   208 | D        | Round 3.
   221 | D        | Reached ** piety under Sif Muna
   222 | D        | Reached skill level 1 in Conjurations
   228 | D        | Noticed a rime drake
   228 | D        | Noticed an ice beast
   233 | D        | Killed a rime drake
   234 | D        | Reached skill level 1 in Fighting
   234 | D        | Reached skill level 5 in Dodging
   234 | D        | Reached skill level 11 in Earth Magic
   234 | D        | Reached XP level 7. HP: 22/43 MP: 8/18
   237 | D        | Reached skill level 12 in Earth Magic
   244 | D        | Bought a flickering silver amulet for 45 gold pieces
   244 | D        | Identified the amulet of Xoezerol {RegenMP rC+ Int-5
                  | Stlth+} (You bought it in a shop in the Dungeon)
   244 | D        | Bought a translucent bone ring for 45 gold pieces
   244 | D        | Identified the ring of Jowait {rN+ rCorr Str-4 Dex+5} (You
                  | bought it in a shop in the Dungeon)
   244 | D        | Bought a glittering sapphire amulet for 45 gold pieces
   244 | D        | Identified the amulet "Jeipni" {Spirit rC- Dex+5} (You
                  | bought it in a shop in the Dungeon)
   244 | D        | Bought a pitted granite ring for 45 gold pieces
   244 | D        | Identified the ring "Kuisar" {AC+4 Dex+4} (You bought it in
                  | a shop in the Dungeon)
   244 | D        | Bought a heavily runed steel ring for 45 gold pieces
   244 | D        | Identified the ring of Ceoqiren {rCorr EV+5} (You bought it
                  | in a shop in the Dungeon)
   244 | D        | Bought a coiled lead ring for 45 gold pieces
   244 | D        | Identified the ring "Kononat" {rC- rCorr Dex+4 Slay+4} (You
                  | bought it in a shop in the Dungeon)
   245 | D        | Noticed a rime drake
   247 | D        | Killed a rime drake
   248 | D        | Reached XP level 8. HP: 29/48 MP: 7/21
   250 | D        | Reached *** piety under Sif Muna
   264 | D        | Arena points: 134 (+84) [x4]
   271 | D        | Bought a wavering granite ring for 45 gold pieces
   271 | D        | Identified the ring "Gudacian" {rF- rC+ Str+2 Slay+2} (You
                  | bought it in a shop in the Dungeon)
   271 | D        | Bought a wavering wooden ring for 45 gold pieces
   271 | D        | Identified the ring "Loen" {Wiz Slay+6} (You bought it in a
                  | shop in the Dungeon)
   347 | D        | Round 4.
   355 | D        | Reached skill level 10 in Spellcasting
   358 | D        | Reached **** piety under Sif Muna
   359 | D        | Reached skill level 13 in Earth Magic
   362 | D        | Gained mutation: You are weak. (Str -2) [a neqoxec]
   369 | D        | Reached XP level 9. HP: 54/54 MP: 9/24
   378 | D        | Found Kayxeiro's Miscellaneous Merchandise.
   378 | D        | Found Wadiveug's Basic Armour.
   383 | D        | Reached ***** piety under Sif Muna
   397 | D        | Received a gift from Sif Muna
   397 | D        | Arena points: 294 (+160) [x5]
   400 | D        | Got Sif Muna's Parchment of Transfiguration and Aeromancy
                  | {god gift}
   412 | D        | Round 5.
   414 | D        | Noticed the 27-headed Lernaean hydra
   429 | D        | Killed the 27-headed Lernaean hydra
   429 | D        | Arena points: 539 (+245) [x7]
   430 | D        | Reached skill level 15 in Earth Magic
   430 | D        | Reached skill level 1 in Evocations
   430 | D        | Reached XP level 10. HP: 60/60 MP: 6/27
   432 | D        | Got the Compilation of the Salamander and the Black Widow
   432 | D        | Got a decaying rune of Zot
   433 | D        | Reached XP level 11. HP: 67/67 MP: 8/28
   440 | D        | Bought 3 scrolls of blinking for 225 gold pieces
   626 | D        | Round 6.
   628 | D        | Noticed a phantasmal warrior
   639 | D        | Killed a phantasmal warrior
   661 | D        | Noticed Nergalle
   668 | D        | Killed Nergalle
   678 | D        | Noticed an eidolon
   684 | D        | Killed an eidolon
   685 | D        | Reached skill level 16 in Earth Magic
   715 | D        | Noticed a phantasmal warrior
   722 | D        | Killed a phantasmal warrior
   722 | D        | Received a gift from Sif Muna
   723 | D        | Reached skill level 15 in Spellcasting
   725 | D        | Got Poemy's Lectures on the Congregated Plateau {god gift}
   733 | D        | Noticed an eidolon
   736 | D        | Learned a level 9 spell: Fire Storm
   741 | D        | Killed from afar by an eidolon

Illustrated notes

Levels and vault maps discovered:
D:        arena_sprint

Skill      XL: |  1  2  3  4  5  6  7  8  9 10 11 |
---------------+----------------------------------+-----
Stealth        | 3 4 5 6 7 |  7.9
Earth Magic    | 4 5 7 8 9 11 12 13 15 16 | 16.3
Spellcasting   | 3 4 5 6 8 9 11 13 15 | 15.0
Dodging        | 3 4 5 6 |  6.4
Conjurations   | 1 3 6 8 |  8.2
Fighting       | 1 2 3 |  3.4
Evocations     | 1 2 |  2.0
Transmutations | 2 |  2.7
Invocations    | 2 |  2.1
Unarmed Combat | |  0.3

Action                     |  1- 3 |  4- 6 |  7- 9 | 10-12 || total
---------------------------+-------+-------+-------+-------++-------
  Melee: Unarmed           |     5 |       |       |       ||     5
         Constrict         |     1 |       |       |       ||     1
   Cast: Sandblast         |    11 |    15 |    12 |     1 ||    39
         Stone Arrow       |       |     2 |    26 |    31 ||    59
  Evoke: Wand              |       |       |     2 |       ||     2
    Use: Potion            |       |     4 |     1 |     3 ||     8
         Scroll            |       |       |     3 |     1 ||     4
 Armour: Skin              |       |       |       |     1 ||     1
  Dodge: Dodged            |     5 |    11 |     4 |    16 ||    36

Table legend: (Time is in decaauts)
 A = Elapsed time spent in this place.
 B = Non-inter-level travel time spent in this place.
 C = Inter-level travel time spent in this place.
 D = Time resting spent in this place.
 E = Time spent auto-exploring this place.
 F = Levels seen in this place.
 G = Mean time per level.
                   A        B        C        D        E       F      G
               +--------+--------+--------+--------+--------+-----+--------+
         Total |    761 |    761 |      0 |    372 |      0 |   1 |  761.0 |
       Dungeon |    761 |    761 |      0 |    372 |      0 |   1 |  761.0 |
               +--------+--------+--------+--------+--------+-----+--------+

Top non-repeatable levels by time:
       D: 761 daAuts
